 Dungeon Crawl Stone Soup version 0.25-a0-1114-g48d22fd (webtiles) character file.

Game seed: 8593155223594271990, levelgen mode: deterministic

88 Ceann the Covered (level 4, -8/28 HPs)
             Began as a Gargoyle Fighter on May 16, 2020.
             Mangled by a gnoll
             ... wielding a +2 whip of distortion
              (19 damage)
             ... on level 2 of the Dungeon.
             The game lasted 00:01:22 (1625 turns).

Ceann the Covered (Gargoyle Fighter)                Turns: 1625, Time: 00:01:22

Health: -8/28      AC: 10    Str: 21    XL:     4   Next: 54%
Magic:  4/4        EV:  7    Int:  8    God:
Gold:   114        SH:  9    Dex:  9    Spells: 3/3 levels left

rFire    . . .     SeeInvis .   g - +2 whip (drain)
rCold    . . .     Gourm    .   c - +0 kite shield
rNeg     + . .     Faith    .   b - +0 scale mail
rPois    ∞         Spirit   .   (no helmet)
rElec    +         Reflect  .   (no cloak)
rCorr    .         Harm     .   (no gloves)
MR       .....                  (no boots)
Stlth    ..........             (no amulet)
HPRegen  0.09/turn              (no ring)
MPRegen  0.09/turn              (no ring)

@: no status effects
A: negative energy resistance 1, electricity resistance, unbreathing,
petrification resistance, rot immunity, AC +3
a: no special abilities


You were on level 2 of the Dungeon.
You were not hungry.

You visited 1 branch of the dungeon, and saw 3 of its levels.

You collected 114 gold pieces.

Inventory:

Hand Weapons
 g - a +2 whip of draining (weapon)
 i - a +0 vorpal mace
Armour
 b - a +0 scale mail (worn)
 c - a +0 kite shield (worn)
Scrolls
 e - 3 scrolls of remove curse {unknown}
 h - a scroll of immolation {unknown}
 j - a scroll of enchant weapon {unknown}
 m - a scroll of amnesia {unknown}
 p - 3 scrolls of identify {unknown}
 r - a scroll of magic mapping {unknown}
Potions
 d - a potion of might
 k - 3 potions of curing {unknown}
 l - 2 potions of stabbing {unknown}
 n - a potion of mutation {unknown}
 o - 2 potions of brilliance {unknown}
 q - a potion of lignification {unknown}
Comestibles
 a - 3 chunks of flesh
 f - 7 rations


   Skills:
 + Level 3.4 Fighting
 * Level 3.3 Maces & Flails
 + Level 3.9 Armour
 + Level 1.0 Dodging
 + Level 0.2 Stealth
 + Level 3.6 Shields


You had 3 spell levels left.
You didn't know any spells.
Your spell library was empty.

Dungeon Overview and Level Annotations

Branches:
Dungeon (3/15)

Altars:


Innate Abilities, Weirdness & Mutations

You are resistant to torment.
Your stone body is resilient. (AC +3)
You are immune to poison.
You resist negative energy. (rN+)
You are resistant to electric shocks. (rElec)
You can survive without breathing.
You are immune to petrification.
You are immune to rotting.


Message History

The adder barely misses you. You block the gnoll's attack.
You block the giant cockroach's attack.
You miss the adder.
The adder is severely wounded.
The adder bites you but does no damage. You block the giant cockroach's attack.
The gnoll hits you but does no damage. Space bends around you.
You hit the adder.
The adder is severely wounded.
You block the adder's attack. The giant cockroach barely misses you.
The gnoll barely misses you. The adder bites you but does no damage.
You closely miss the adder.
The adder is severely wounded.
You block the giant cockroach's attack. The adder bites you but does no damage.
The gnoll barely misses you.
You barely miss the adder.
The adder is severely wounded.
You block the giant cockroach's attack. The adder bites you but does no damage.
The gnoll hits you but does no damage. Space warps horribly around you!!
Ouch! That really hurt!
You die...

#.............# #.##......
#...........#####.##......
#...........#.....##......
#...........#.######......
#...........'.............
##...........#.######......
#(.......#...#.######......
#.######(#s###.....).......
#.######.#@gg...##########.
#.#....(.#S######≈≈≈≈≈≈≈≈##
#.#.#......# ##≈≈≈≈≈≈≈≈≈≈#
#...+......# ##≈≈≈≈≈≈≈≈≈≈≈≈
###.#......###≈≈≈≈≈≈≈≈≈≈≈≈≈
#........##≈≈≈≈≈≈≈≈≈≈≈≈≈≈
###....###≈≈≈≈≈≈≈≈≈≈≈≈≈≈≈
#....###≈≈≈≈≈≈≈≈≈≈≈≈≈≈≈
#......#≈≈≈≈≈≈≈#..#≈≈≈≈


You could see a gnoll, an adder, a giant cockroach and a goblin.

Vanquished Creatures
  4 adders (D:2)
  An ooze (D:2)
  3 giant cockroaches (D:1)
  6 goblins
  7 hobgoblins
  3 jackals (D:2)
  A quokka (D:2)
  5 bats (D:1)
  4 frilled lizards
  9 kobolds
  6 rats
49 creatures vanquished.

Notes
Turn   | Place    | Note
-------+----------+-------------------------------------------
     0 | D:1      | Ceann the Gargoyle Fighter began the quest for the Orb.
     0 | D:1      | Reached XP level 1. HP: 14/14 MP: 1/1
   366 | D:1      | Reached XP level 2. HP: 19/19 MP: 2/2
   800 | D:2      | Reached XP level 3. HP: 23/23 MP: 3/3
  1129 | D:2      | Reached XP level 4. HP: 28/28 MP: 4/4
  1316 | D:2      | Found a faded altar of an unknown god.
  1446 | D:2      | Reached skill level 1 in Dodging
  1625 | D:2      | Mangled by a gnoll

Illustrated notes

Levels and vault maps discovered:
D:1:      dpeg_arrival_three_same_balls, layout_rooms
D:2:      kennysheep_big_flooded_room, layout_basic,
          chequers_ecumenical_altar_simple, serial_glass, glass_columns_a,
          glass_columns_c, minmay_fractal_squares_gapless_5
D:3:      layout_basic, minivault_25

Skill      XL: |  1  2  3  4 |
---------------+-------------+-----
Maces & Flails | 3 |  3.3
Dodging        | 1 |  1.0
Fighting       | |  3.4
Armour         | |  3.9
Stealth        | |  0.2
Shields        | |  3.6

Action                   |  1- 3 |  4- 6 || total
-------------------------+-------+-------++-------
Melee: Flail             |    22 |       ||    22
       Whip              |    75 |    31 ||   106
       Mace              |    12 |       ||    12
  Eat: Chunk             |     1 |     1 ||     2
Armor: Scale mail        |    58 |    19 ||    77
Dodge: Dodged            |    41 |    11 ||    52
Block: Kite shield       |    57 |    16 ||    73

Table legend:
 A = Non-vault XP
 B = Vault XP
 C = Vault XP percentage of total XP
 D = Non-vault monster count
 E = Vault monster count
 F = Vault count percentage of total count
                 A         B        C        D         E       F
            +---------+---------+-------+---------+---------+-------
      Total |     109 |      18 |  14.2 |      45 |       4 |   8.2
            +---------+---------+-------+---------+---------+-------
        D:1 |      30 |       0 |   0.0 |      20 |       0 |   0.0
        D:2 |      79 |      18 |  18.6 |      25 |       4 |  13.8
            +---------+---------+-------+---------+---------+-------
